 Dungeon Crawl Stone Soup version 0.28.0 (webtiles) character file.

Game seed: 482093616606087072

4034 Findor the Tainter (level 10, -11/52 (56) HPs)
             Began as an Octopode Venom Mage on Feb 12, 2022.
             Was a Follower of Vehumet.
             Mangled by a red ugly thing (14 damage)
             ... on level 9 of the Dungeon.
             The game lasted 00:36:43 (14608 turns).

Findor the Tainter (Octopode Venom Mage)           Turns: 14608, Time: 00:36:43

HP:   -11/52 (56)   AC:  1    Str: 15    XL:     10   Next: 24%
MP:   25/26         EV: 13    Int: 21    God:    Vehumet [*.....]
Gold: 340           SH:  0    Dex: 12    Spells: 5/19 levels left

rFire   . . .      SeeInvis .   a - +2 dagger (vamp) {!w}
rCold   . . .      Faith    .   (no shield)
rNeg    . . .      Spirit   .   (helmet restricted)
rPois   +          Reflect  .   (no amulet)
rElec   .          Harm     .   c - ring of willpower
rCorr   .          Rampage  .   j - ring of poison resistance
Will    +....                   r - +6 ring of strength
Stlth   +++.......              i - ring of magical power
HPRegen 0.17/turn               (no ring)
MPRegen 0.20/turn               (no ring)
                                (no ring)
                                (no ring)

@: drained
A: almost no armour, amphibious, 8 rings, camouflage 1, gelatinous body 1,
(nimble swimmer 1), tentacles
a: Renounce Religion


You were on level 9 of the Dungeon.
You worshipped Vehumet.
Vehumet was aware of your devotion.
You visited 2 branches of the dungeon, and saw 11 of its levels.

You collected 563 gold pieces.
You spent 223 gold pieces at shops.


Innate Abilities, Weirdness & Mutations

You cannot wear most types of armour.
You are amphibious.
You can wear up to eight rings at the same time.
Your skin changes colour to match your surroundings (Stealth+).
Your rubbery body absorbs attacks. (AC +1, EV +1)
((You are camouflaged when in or above water. (Stealth+)))
You have tentacles for arms and can constrict up to eight enemies at once.


   Skills:
 - Level 5.0 Short Blades
 - Level 2.0 Dodging
 - Level 2.6 Stealth
 + Level 5.0 Spellcasting
 * Level 5.4 Conjurations
 - Level 3.6 Transmutations
 + Level 4.9 Fire Magic
 + Level 4.9 Air Magic
 * Level 10.0 Poison Magic


You had 5 spell levels left.
You knew the following spells:

 Your Spells              Type           Power      Damage    Failure   Level
a - Sting                 Tmut/Pois      100%       1d8       1%          1
b - Poisonous Vapours     Pois/Air       72%        N/A       1%          2
c - Ignite Poison         Fire/Tmut/Pois 31%        N/A       2%          3
d - Olgreb's Toxic Radia  Pois           47%        N/A       1%          4
e - Mephitic Cloud        Conj/Pois/Air  33%        N/A       1%          3
f - Shock                 Conj/Air       100%       1d9       1%          1

Your spell library contained the following spells:

 Spells                   Type           Power      Damage    Failure   Level
 Magic Dart               Conj           100%       1d8       1%          1
 Searing Ray              Conj           54%        2d6       1%          2
 Ozocubu's Armour         Ice            5%         N/A       32%         3
 Fulminant Prism          Conj/Hex       8%         3d7       34%         4
 Freezing Cloud           Conj/Ice/Air   9%         6-21      58%         5
 Metabolic Englaciation   Hex/Ice        2%         N/A       96%         5
 Simulacrum               Ice/Necr       2%         N/A       100%        6
 Polar Vortex             Ice            2%         N/A       100%        9

Inventory:

Hand Weapons
 a - a +2 vampiric dagger (weapon) {!w}
   (You took it off an orc wizard on level 8 of the Dungeon)
 b - a +0 hunting sling
   (You found it on level 6 of the Dungeon)
Missiles
 w - 61 sling bullets
 y - 21 poisoned darts
Armour
 k - an orb of light
   (You found it on level 4 of the Dungeon)
Jewellery
 c - a ring of willpower (left tentacle)
   (You found it on level 1 of the Dungeon)
 i - a ring of magical power (on tentacle)
   (You found it on level 7 of the Dungeon)
 j - a ring of poison resistance (right tentacle)
   (You found it on level 4 of the Dungeon)
 r - a +6 ring of strength (on tentacle)
   (You found it on level 5 of the Dungeon)
Wands
 d - a wand of iceblast (2)
   (You took it off a gnoll on level 9 of the Dungeon)
 t - a wand of flame (12)
   (You found it on level 9 of the Dungeon)
 u - a wand of paralysis (8)
   (You found it on level 2 of the Dungeon)
 v - a wand of digging (6)
   (You found it on level 6 of the Dungeon)
 x - a wand of acid (3)
   (You took it off a gnoll shaman on level 9 of the Dungeon)
 A - a wand of charming (9)
   (You took it off a kobold on level 8 of the Dungeon)
Scrolls
 e - a scroll of identify {@r1}
 h - a scroll of immolation {!r}
 m - a scroll of fog
 q - a scroll of holy word
Potions
 f - a potion of might
 l - a potion of berserk rage
 n - 3 potions of curing {@q1}
 o - a potion of magic
 s - a potion of invisibility
Miscellaneous
 g - a box of beasts
   (You found it on level 10 of the Dungeon)


Message History

Things that are here:
a +0 club; 5 stones A red ugly thing is nearby!
Unknown command.
Casting: Shock (safe; 1% risk of failure)
You can't see any susceptible monsters within range! (Use Z to cast anyway.) Unknown command.
The red ugly thing gurgles horribly!
You hear a horrible gurgling sound!
Casting: Shock (safe; 1% risk of failure)
Aiming: Mephitic Cloud (safe; 1% risk of failure)
Press: ? - help, Shift-Dir - straight line The ball explodes into a vile cloud!
The stinking cloud engulfs the red ugly thing but does no damage.
You hear a shout! x2
The red ugly thing is engulfed in noxious fumes.
A red ugly thing comes into view.
Casting: Mephitic Cloud (safe; 1% risk of failure)
Aiming: Shock (safe; 1% risk of failure)
Press: ? - help, Shift-Dir - straight line, f - red ugly thing
Aim: a red ugly thing (noxious fumes, 74% to hit)
The zap hits the red ugly thing.
The red ugly thing is engulfed in noxious fumes.
The red ugly thing is engulfed in noxious fumes.
The red ugly thing is engulfed in noxious fumes.
The red ugly thing appears confused.
Things that are here:
a +0 short sword; a +0 robe
Casting: Shock (safe; 1% risk of failure)
Aiming: Mephitic Cloud (safe; 1% risk of failure)
Press: ? - help, Shift-Dir - straight line, p - red ugly thing
Okay, then.
The red ugly thing engulfs you!
You are engulfed in flames!
Things that are here:
a +0 morningstar of draining; +0 swamp dragon scales
Casting: Mephitic Cloud (safe; 1% risk of failure)
Aiming: Mephitic Cloud (safe; 1% risk of failure)
Press: ? - help, Shift-Dir - straight line, p - red ugly thing The ball explodes into a vile cloud!
The stinking cloud engulfs the red ugly thing but does no damage.
The red ugly thing is engulfed in noxious fumes.
The red ugly thing closely misses you.
The red ugly thing is engulfed in noxious fumes.
Things that are here:
a +0 halberd; a +0 chain mail; a potion of degeneration {!q} The red ugly thing engulfs you.
You are engulfed in flames!
* * * LOW HITPOINT WARNING * * *
The red ugly thing engulfs you!
* * * LOW HITPOINT WARNING * * *
You are engulfed in flames!
You die...

#..# #)# #.)# #.#
####### ##.###.# #.....)
#.)##.####......
#####.).............
#####...##.##.###.......
.≈...#......#.# #.......
#....u##.#.# #.###.##
##..@.##...# #.......
.P....#.####.)# #####.##
P>.P.≈#.# #..# #..(.#.
..... #.# #..# #.####.
...# ...####..####.# #.
... .........#....# #. .
#...####z#.##### #. ....
#.#.# #<# #. #...# #.#
#.


You could see a red ugly thing.

Vanquished Creatures
  Maggie (D:9)
  A troll (D:7)
  Prince Ribbit (D:7)
  A hornet (D:8)
  3 yaks (D:10)
  A steam dragon (D:7)
  Pargi (D:3)
  An ice beast (D:7)
  3 orc warriors
  A black bear (D:5)
  A necrophage (D:6)
  4 ogres
  3 centaurs
  2 kobold brigands (D:8)
  2 bullfrogs
  2 scorpions
  4 killer bees (D:8)
  5 wights (D:9)
  A centaur zombie (D:6)
  A hound (D:4)
  A gnoll shaman (D:9)
  3 orc priests
  5 orc wizards
  3 iguanas
  A killer bee zombie (D:8)
  A hound skeleton (D:4)
  A howler monkey zombie (D:7)
  8 gnolls
  4 adders
  2 ufetubi (D:5)
  3 worms
  16 orcs
  4 bats
  5 endoplasms
  6 giant cockroaches
  5 goblins
  5 hobgoblins
  7 jackals
  A quokka (D:3)
  2 ball pythons (D:4)
  19 kobolds
  7 rats
148 creatures vanquished.

Vanquished Creatures (others)
  4 fungi (D:9)
  4 plants (D:9)
8 creatures vanquished.

Grand Total: 156 creatures vanquished

Notes
Turn   | Place    | Note
-------+----------+-------------------------------------------
     0 | D:1      | Findor the Octopode Venom Mage began the quest for the Orb.
     0 | D:1      | Reached XP level 1. HP: 11/11 MP: 3/3
   249 | D:1      | Reached XP level 2. HP: 17/17 MP: 5/5
   307 | D:1      | Reached skill level 4 in Poison Magic
   310 | D:1      | Learned a level 2 spell: Poisonous Vapours
   633 | D:2      | HP: 3/17 [poisoned by an adder]
   636 | D:1      | HP: 1/17 [poisoned by an adder]
  1044 | D:1      | Reached XP level 3. HP: 11/21 MP: 0/6
  1345 | D:2      | Found Xilenik's Antique Armour Boutique.
  1350 | D:2      | Learned a level 3 spell: Ignite Poison
  1410 | D:2      | Found a faded altar of an unknown god.
  2153 | D:3      | Reached XP level 4. HP: 26/27 MP: 3/7
  2711 | D:3      | Noticed Pargi
  2726 | D:3      | Reached skill level 5 in Poison Magic
  3708 | D:4      | Reached XP level 5. HP: 26/31 MP: 9/9
  4093 | D:3      | Reached skill level 1 in Fire Magic
  4312 | D:4      | Reached skill level 1 in Air Magic
  4855 | D:4      | Noticed an ogre
  4901 | D:4      | Killed an ogre
  4902 | D:4      | Reached skill level 3 in Spellcasting
  4902 | D:4      | Reached XP level 6. HP: 36/36 MP: 3/10
  5056 | D:4      | Reached skill level 6 in Poison Magic
  5061 | D:4      | Learned a level 4 spell: Olgreb's Toxic Radiance
  5894 | D:5      | Entered Level 5 of the Dungeon
  5904 | D:5      | Noticed a black bear
  5982 | D:5      | Found Vyttaid's Distillery.
  5989 | D:5      | Reached skill level 3 in Transmutations
  5989 | D:5      | Reached XP level 7. HP: 41/41 MP: 7/12
  6027 | D:5      | Bought a potion of curing for 36 gold pieces
  6027 | D:5      | Bought a potion of curing for 36 gold pieces
  6027 | D:5      | Bought a potion of magic for 96 gold pieces
  6362 | D:5      | Found Xisator's Distillery.
  6371 | D:5      | Bought a potion of heal wounds for 55 gold pieces
  6445 | D:5      | Learned a level 3 spell: Mephitic Cloud
  6672 | D:5      | Found Nuskalar's Antique Armour Emporium.
  6714 | D:5      | Found Wimmel's Jewellery Emporium.
  6756 | D:5      | Reached skill level 7 in Poison Magic
  7185 | D:6      | Reached skill level 3 in Fire Magic
  7185 | D:6      | Reached XP level 8. HP: 46/46 MP: 5/13
  7470 | D:3      | Killed Pargi
  7471 | D:3      | Reached skill level 1 in Conjurations
  7471 | D:3      | Reached skill level 3 in Air Magic
  8136 | D:6      | Found a staircase to the Ecumenical Temple.
  8143 | Temple   | Entered the Ecumenical Temple
  8569 | Temple   | Became a worshipper of Vehumet
  8984 | D:9      | Noticed a red ugly thing
  8995 | D:8      | Found a white marble altar of Elyvilon.
  9043 | D:8      | Reached skill level 1 in Short Blades
  9106 | D:8      | Reached skill level 8 in Poison Magic
  9269 | D:8      | Found a broken altar of Ashenzari.
  9337 | D:8      | Noticed a hornet
 10092 | D:8      | Killed a hornet
 10206 | D:8      | HP: 7/46 [orc (10)]
 10486 | D:7      | Reached skill level 3 in Conjurations
 10486 | D:7      | Reached XP level 9. HP: 30/51 MP: 5/15
 11171 | D:7      | Noticed a troll
 11175 | D:7      | Noticed Prince Ribbit
 11183 | D:7      | Killed Prince Ribbit
 11184 | D:7      | Reached skill level 3 in Short Blades
 11746 | D:7      | Killed a troll
 11747 | D:7      | Reached skill level 9 in Poison Magic
 12471 | D:8      | HP: 9/51 [poisoned by a killer bee]
 12943 | D:9      | Noticed Maggie
 13001 | D:10     | Entered Level 10 of the Dungeon
 13184 | D:10     | Noticed a gargoyle
 13186 | D:10     | HP: 8/51 [centaur/arrow (13)]
 13198 | D:10     | Reached XP level 10. HP: 40/56 MP: 17/17
 13346 | D:9      | Noticed a two-headed ogre
 13356 | D:9      | HP: 10/56 [two-headed ogre (15)]
 13781 | D:9      | Killed Maggie
 13781 | D:9      | Reached * piety under Vehumet
 13781 | D:9      | Offered knowledge of Shock by Vehumet.
 13944 | D:9      | Learned a level 1 spell: Shock
 14119 | D:9      | HP: 3/50 [wight (8)]
 14441 | D:9      | Reached skill level 10 in Poison Magic
 14543 | D:9      | Found a staircase to the Lair.
 14573 | D:9      | Noticed a red ugly thing
 14608 | D:9      | HP: 3/52 [red ugly thing (13)]
 14608 | D:9      | Mangled by a red ugly thing

Levels and vault maps discovered:
D:1:      wander_arrival_peaceful_grave, layout_rooms
D:2:      minmay_skewed_foursquare, layout_basic, serial_shops,
          nicolae_shop_hallway_plus, hellmonk_ecumenical_altar_heavens_door
D:3:      layout_basic, uniq_pargi
D:4:      layout_layer_cave
D:5:      layout_rooms, serial_shops, nicolae_shop_hallway_plus, shop, shop,
          nicolae_square_shop
D:6:      layout_gridville, temple_statues, serial_glass, glass_columns_c,
          glass_columns_a
D:7:      layout_basic, kennysheep_generic_room_2, uniq_prince_ribbit1
D:8:      layout_basic, elyvilon_altar_3, mainiacjoe_overflow_alcove_4
D:9:      layout_basic, dpeg_oklobed_lair, uniq_maggie
D:10:     minmay_the_grid_3x2 [minmay_the_grid_minigrid_small,
          minmay_the_grid_minigrid_medium, minmay_the_grid_small_cups,
          minmay_the_grid_diamond_grid, minmay_the_grid_rooms,
          minmay_the_grid_prize_shrinking_boxes], layout_loops_corners
Temple:   mainiacjoe_temple_big_plus

Action                   |  1- 3 |  4- 6 |  7- 9 | 10-12 || total
-------------------------+-------+-------+-------+-------++-------
Melee: Dagger            |    24 |    48 |    75 |     3 ||   150
       Constrict         |     8 |    12 |    19 |     2 ||    41
       Tentacles         |     4 |     8 |    26 |     3 ||    41
       Unarmed           |     1 |       |       |       ||     1
       Punch             |     1 |       |     2 |       ||     3
 Cast: Sting             |    36 |    49 |    99 |    12 ||   196
       Poisonous Vapours |     5 |    34 |    39 |    14 ||    92
       Mephitic Cloud    |       |       |    28 |     9 ||    37
       Ignite Poison     |       |       |     6 |     1 ||     7
       Olgreb's Toxic Ra |       |       |     1 |       ||     1
       Shock             |       |       |       |    24 ||    24
Evoke: Wand              |       |     1 |     1 |       ||     2
  Use: Potion            |     1 |     1 |     3 |       ||     5
       Scroll            |       |       |    19 |       ||    19
 Stab: Sleeping          |     9 |     5 |     5 |       ||    19
       Paralysed         |       |     3 |     2 |       ||     5
       Confused          |       |       |     1 |       ||     1
Armor: Skin              |     5 |    19 |     7 |       ||    31
Dodge: Dodged            |    19 |    30 |    79 |     7 ||   135
